 Dungeon Crawl Stone Soup version 0.30.1-11-g7821555f0a (webtiles) character file.

Game seed: 18292014781637444772

230504 Gumption the Unseen (level 18, -4/92 HPs)
             Began as a Spriggan Enchanter on Nov 14, 2023.
             Was the Champion of Dithmenos.
             Succumbed to a sea snake's poison
             ... on level 4 of the Shoals on Nov 16, 2023.
             The game lasted 09:41:34 (51376 turns).

Gumption the Unseen (Spriggan Enchanter)           Turns: 51376, Time: 09:41:35

Health: -4/92      AC: 11    Str:  4    XL:     18   Next: 76%
Magic:  28/34      EV: 21    Int: 24    God:    Dithmenos [******]
Gold:   1865       SH: 13    Dex: 13    Spells: 6/39 levels left

rFire   + . .        a - +5 rapier of Jaehyufe {freeze, +Blink rC+ Str-2}
rCold   + + .        U - +2 buckler
rNeg    . . .        w - +2 troll leather armour {Pargi}
rPois   .            W - +2 hat {Stlth+}
rElec   .            V - +2 cloak "Gomegafy" {Harm Regen+ Str+2}
rCorr   +            (gloves unavailable)
SInv    +            (boots unavailable)
Will    ++++.        R - amulet "Myssolamm" {Reflect -Tele Slay+2 SH+5 Stlth+} Stlth ********++
                     L - ring "Gain" {rF+ rC+ Will+ rCorr Dex-3}
HPRegen 1.95/turn    u - ring of wizardry
MPRegen 0.24/turn

%: no teleportation, harm (+30% outgoing, +20% incoming), reflection, wizardry
(x1)
@: lethally poisoned (-4 -> -37), wreathed by umbra, unable to read, very quick
A: very small, no large weapons, unfitting armour, see invisible, speed 3,
inability to read after injury 1
}: 1/15 runes: gossamer
a: Renounce Religion, Evoke Blink, Shadow Step, Shadow Form


You were on level 4 of the Shoals.
You worshipped Dithmenos.
Dithmenos was exalted by your worship.
You visited 6 branches of the dungeon, and saw 31 of its levels.
You also visited: Sewer, Bailey and Gauntlet.

You collected 3175 gold pieces.
You spent 1310 gold pieces at shops.

Inventory:

Hand Weapons
 a - the +5 rapier of Jaehyufe (weapon) {freeze, +Blink rC+ Str-2}
   (You found it on level 15 of the Dungeon)

   Str:       It affects your strength (-2).
   rC:        It protects you from cold.
   +Blink:    It lets you blink.
 b - the +8 lance "Wyrmbane" {slay drac, rPois rF+ rC+ AC+3}
   (You found it in a Gauntlet)

   AC:        It affects your AC (+3).
   rF:        It protects you from fire.
   rC:        It protects you from cold.
   rPois:     It protects you from poison.
 F - a +3 dagger of venom
Missiles
 h - 7 atropa-tipped darts
 m - 8 throwing nets
 C - 54 poisoned darts
 M - 2 curare-tipped darts (quivered)
Armour
 n - a +1 cloak of poison resistance
 w - a +2 troll leather armour (worn) {Pargi}
 U - a +2 buckler (worn)
 V - the +2 cloak "Gomegafy" (worn) {Harm Regen+ Str+2}
   (You found it in a Gauntlet)

   Str:       It affects your strength (+2).
   Regen:     It increases your rate of health regeneration.
   Harm:      It increases damage dealt and taken.
 W - a +2 hat of stealth (worn)
Jewellery
 t - a ring of protection from fire
 u - a ring of wizardry (right hand)
 L - the ring "Gain" (left hand) {rF+ rC+ Will+ rCorr Dex-3}
   (You acquired it on level 3 of the Shoals)

   [ring of resist corrosion]

   Dex:       It affects your dexterity (-3).
   rF:        It protects you from fire.
   rC:        It protects you from cold.
   rCorr:     It protects you from acid and corrosion.
   Will:      It increases your willpower.
 P - a ring of flight
 R - the amulet "Myssolamm" (around neck) {Reflect -Tele Slay+2 SH+5 Stlth+}
   (You bought it in a shop on level 2 of the Orcish Mines)

   [amulet of reflection]

   It reflects blocked missile attacks.
   Slay:      It affects your accuracy & damage with ranged weapons and melee
   (+2).
   -Tele:     It prevents most forms of teleportation.
   SH:        It affects your SH (+5).
   Stlth:     It makes you more stealthy.
 X - a +4 ring of protection
Wands
 i - a wand of mindburst (11)
 o - a wand of flame (69)
 s - a wand of quicksilver (21)
 v - a wand of polymorph (10)
 H - a wand of paralysis (42)
 Q - a wand of iceblast (16)
 T - a wand of digging (11)
Scrolls
 f - 3 scrolls of enchant weapon
 g - 3 scrolls of fog
 k - 11 scrolls of fear
 l - 4 scrolls of immolation
 p - 16 scrolls of teleportation
 y - 4 scrolls of enchant armour
 A - 3 scrolls of amnesia
 E - 2 scrolls of magic mapping
 I - 4 scrolls of blinking
 J - a scroll of silence
 Y - 2 scrolls of poison
 Z - 3 scrolls of identify
Potions
 c - 6 potions of invisibility
 d - 17 potions of curing
 e - 5 potions of flight
 j - a potion of resistance
 q - 18 potions of ambrosia
 r - 10 potions of haste
 x - 2 potions of berserk rage
 z - 5 potions of might
 B - 3 potions of brilliance
 D - 3 potions of magic
 G - 4 potions of heal wounds
 K - a potion of cancellation
 N - 6 potions of lignification
 O - 5 potions of mutation


   Skills:
 + Level 9.2 Fighting
 - Level 10.0 Short Blades
 - Level 13.0 Dodging
 + Level 19.8 Stealth
 - Level 8.0 Shields
 + Level 11.2 Spellcasting
 - Level 5.0 Conjurations
 + Level 18.8 Hexes
 - Level 5.0 Summonings
 - Level 5.0 Translocations
 - Level 3.0 Ice Magic
 - Level 4.0 Air Magic
 - Level 4.0 Poison Magic
 - Level 10.0 Invocations
 - Level 10.0 Evocations


You had 6 spell levels left.
You knew the following spells:

 Your Spells              Type           Power      Damage    Failure   Level
a - Ensorcelled Hibernat  Hex/Ice        100%       N/A       1%          2
b - Confusing Touch       Hex            81%        N/A       0%          3
c - Dazzling Flash        Conj/Hex       100%       N/A       1%          3
d - Tukima's Dance        Hex            81%        N/A       0%          3
e - Apportation           Tloc           74%        N/A       1%          1
f - Summon Mana Viper     Hex/Summ       63%        N/A       1%          5
g - Mephitic Cloud        Conj/Pois/Air  34%        N/A       2%          3
h - Discord               Hex            40%        N/A       16%         8
i - Metabolic Englaciati  Hex/Ice        30%        N/A       1%          5

Your spell library contained the following spells:

 Spells                   Type           Power      Damage    Failure   Level
 Slow                     Hex            100%       N/A       0%          1
 Magic Dart               Conj           100%       1d8       1%          1
 Call Imp                 Summ           74%        N/A       1%          2
 Leda's Liquefaction      Hex/Erth       28%        N/A       1%          4
 Silence                  Hex/Air        31%        N/A       1%          5
 Sting                    Tmut/Pois      92%        1d7       2%          1
 Cigotuvi's Dreadful Rot  Necr/Pois/Air  52%        N/A       2%          2
 Swiftness                Air            32%        N/A       3%          3
 Frozen Ramparts          Ice            54%        1d9       4%          3
 Ozocubu's Armour         Ice            27%        N/A       4%          3
 Volatile Blastmotes      Fire/Tloc      50%        2d14      6%          3
 Iskenderun's Mystic Bla  Conj/Tloc      37%        2d9       7%          4
 Passage of Golubria      Tloc           37%        N/A       7%          4
 Passwall                 Tmut/Erth      10%        N/A       9%          2
 Sublimation of Blood     Necr           13%        N/A       9%          2
 Ignite Poison            Fire/Tmut/Pois 19%        N/A       10%         3
 Summon Ice Beast         Ice/Summ       32%        N/A       11%         4
 Vampiric Draining        Necr           13%        2d6       16%         3
 Flame Wave               Conj/Fire      25%        2d8       21%         4
 Sticky Flame             Conj/Fire      25%        2d5       21%         4
 Iskenderun's Battlesphe  Conj           37%        2d9       21%         5
 Ice Form                 Ice/Tmut       20%        N/A       28%         4
 Freezing Cloud           Conj/Ice/Air   16%        6-21      28%         5
 Petrify                  Tmut/Erth      13%        N/A       45%         4
 Irradiate                Conj/Tmut      12%        3d15      45%         5
 Alistair's Intoxication  Tmut/Pois      15%        N/A       52%         5
 Iron Shot                Conj/Erth      12%        9d3       95%         6
 Starburst                Conj/Fire      12%        6d5       95%         6
 Simulacrum               Ice/Necr       10%        N/A       98%         6
 Monstrous Menagerie      Summ           18%        N/A       99%         7
 Spellforged Servitor     Conj/Summ      18%        N/A       99%         7
 Ozocubu's Refrigeration  Ice            13%        4d10      100%        7
 Borgnjor's Revivificati  Necr           6%         N/A       100%        8
 Lehudib's Crystal Spear  Conj/Erth      12%        10d4      100%        8
 Necromutation            Tmut/Necr      6%         N/A       100%        8
 Death's Door             Necr           6%         N/A       100%        9


Dungeon Overview and Level Annotations

Branches:
Dungeon (15/15)            Temple (1/1) D:7            Lair (5/5) D:10
 Shoals (4/4) Lair:3       Spider (4/4) Lair:2        Slime (0/5) Lair:5
    Orc (2/2) D:10            Elf (0/3) Orc:2        Vaults (0/5) D:14
 Depths (0/4) D:15          Sewer (visited)          Bailey (visited)
Gauntlet (visited)

Altars:
Ashenzari
Cheibriados
Dithmenos
Elyvilon
Fedhas
Gozag
Hepliaklqana
Kikubaaqudgha
Makhleb
Nemelex Xobeh
Okawaru
Qazlal
Ru
Sif Muna
Trog
Uskayaw
Vehumet
Wu Jian
Xom
Yredelemnul
Zin
The Shining One
Jiyva
Lugonu

Shops:
D:5 (   D:6 (   D:8 *   Orc:2 =?[(!   Shoals:3 ?

Portals:
Abyss: Lair:5

Annotations:
Lair:4 exclusion: orange crystal statue
Spider:1 2 transporters, exclusion: oklob plant, Arachne; o55k's ghost, journeyman GnWn


Innate Abilities, Weirdness & Mutations

You are very small and have problems with some larger weapons.
You are too small for most types of armour.
You have supernaturally acute eyesight. (SInv)
You cover ground extremely quickly. (Speed+++)
You occasionally lose the ability to read scrolls when taking damage.


Message History

You feel extremely sick.
The merfolk javelineer throws a silver javelin.
The silver javelin pierces through you.
* * * LOW HITPOINT WARNING * * *
The silver sears you!
* * * LOW HITPOINT WARNING * * *
You feel very sick.
The sea snake is no longer blind.
The sea snake bites you.
* * * LOW HITPOINT WARNING * * *
Casting: Summon Mana Viper (dangerous; 1% risk of failure)
Confirm with . or Enter, or press ? or * to list all spells.
Casting: Dazzling Flash (safe; 1% risk of failure)
Press: ? - help, Dir - look around, f - activate Really dazzle near your mana viper?
Okay, then.
You feel much better.
You feel very sick. The merfolk javelineer misses you.
The sea snake misses you.
You feel very sick. You block the sea snake's attack.
The merfolk javelineer throws a silver javelin.
The silver javelin pierces through you!!
You feel threatened and lose the ability to read scrolls!
* * * LOW HITPOINT WARNING * * *
The silver sears you!
* * * LOW HITPOINT WARNING * * *
Your mana viper barely misses the sea snake.
You feel much better.
You feel sick.
Your mana viper bites the sea snake.
The sea snake bites you!
* * * LOW HITPOINT WARNING * * *
You emit a cloud of dark smoke.
You are lethally poisoned!
The sea snake poisons you!
The merfolk javelineer throws a silver javelin.
The silver javelin pierces through you!
* * * LOW HITPOINT WARNING * * *
The silver sears you!
* * * LOW HITPOINT WARNING * * *
Your mana viper bites the sea snake.
The sea snake barely misses you.
You die...

~~~~..........###.#.#.###~
~~~............#.≈.).≈~#~.
~~~...........###)#†#.~#~)
~~~~......<...~#...≈...#..
≈~~~..........###.###..##.
≈≈~~~...........#######...
~~~~~...........~#.###~...
~$##~##~#§§...............
### ###@§......~........
##~~##§§#§......~~.......
#~~~≈SS§#~......~~.......
##~#~#m###...~~~~~~......
#≈~=~≈~# .~~~~~~~~~.....
#~#~#~~# .~~~~~~~~~~~..<
#~~~≈~~~# ~~~~~~≈≈≈~~~~~~
##~###~.# ...~~≈≈≈≈≈≈~~~~
## ###. ..~~~~≈≈≈≈≈≈≈≈≈


You could see a sea snake.

Vanquished Creatures
  Gastronok (Lair:2)
  4 emperor scorpions
  3 ghost moths
  A spark wasp (Spider:4)
  Azrael (Spider:1)
  A minotaur (Gauntlet)
  3 fire dragons
  3 entropy weavers
  4 merfolk impalers
  Harold (D:9)
  9 hydras
  2 ice dragons
  2 hell beasts (Gauntlet)
  3 merfolk avatars
  A radroach (Spider:2)
  An alligator snapping turtle (Shoals:4)
  4 boulder beetles
  6 centaur warriors
  8 two-headed ogres
  8 death yaks (Lair:4)
  3 thrashing horrors (Lair:5)
  2 tengu warriors (D:14)
  Urug (Orc:2)
  3 orc high priests (Orc:2)
  A shock serpent (shapeshifter) (Lair:5)
  5 skysharks
  A pharaoh ant (Spider:2)
  8 skeletal warriors
  8 sea snakes
  5 orb spiders
  A wizard (D:14)
  13 harpies
  5 steelbarb worms
  6 deep elf pyromancers
  A lindwurm (Lair:5)
  8 cyclopes
  A shining eye (shapeshifter) (Lair:5)
  5 orc knights
  18 wolf spiders
  3 fauns
  3 orc sorcerers
  15 ugly things
  A moth of wrath (Spider:4)
  A merfolk siren (Shoals:4)
  10 manticores
  2 black mambas
  2 water nymphs
  13 elephants
  5 demonic crawlers
  Joseph (Lair:1)
  4 cane toads
  4 torpor snails
  A rime drake (Lair:5)
  A gargoyle (D:10)
  2 unseen horrors
  A smoke demon (Lair:5)
  Psyche (D:9)
  Maggie (D:8)
  3 kobold demonologists
  9 komodo dragons
  6 trolls
  An ancient zyme (Lair:5)
  A queen bee (Lair:3)
  An efreet (D:15)
  10 merfolk
  Grinder (D:3)
  A meliai (Lair:2)
  6 wind drakes
  16 tarantellas
  3 hornets (Spider:4)
  A polar bear (Lair:4)
  A dancing weapon (Shoals:2)
  21 blink frogs
  6 snapping turtles
  17 dream sheep
  A wolf spider simulacrum (D:15)
  11 small abominations (Lair:5)
  28 jumping spiders
  3 large abominations (Lair:5)
  7 slime creatures
  A jumping spider (shapeshifter) (D:12)
  A spriggan (Lair:5)
  Sigmund (D:3)
  A centaur simulacrum (D:12)
  2 vampires
  4 wyverns
  2 water elementals
  3 wraiths
  12 culicivoras
  47 yaks
  A yak (shapeshifter) (D:14)
  Eustachio (D:6)
  4 shadows
  3 chaos spawn (Lair:5)
  A redback (shapeshifter) (D:15)
  3 basilisks (Lair:5)
  28 redbacks
  9 vampire mosquitoes
  A steam dragon (D:6)
  Menkaure (D:4)
  A swamp worm (shapeshifter) (Lair:5)
  2 wargs (Orc:2)
  2 hell hounds (Spider:1)
  An acid dragon (D:11)
  20 water moccasins
  23 orc warriors
  3 sky beasts
  An ice beast (D:2)
  5 black bears
  Pargi (Sewer)
  7 ogres
  18 wolves
  4 centaurs
  A boggart (D:14)
  7 kobold brigands
  2 phantoms (D:5)
  2 gnoll sergeants
  19 bullfrogs
  2 scorpions (D:6)
  A cane toad simulacrum (Lair:4)
  5 wights
  38 killer bees
  4 howler monkeys
  14 orc priests
  A hound (D:6)
  8 jellies
  Crazy Yiuf (D:4)
  A gnoll bouda (D:10)
  Jessica (D:3)
  3 iguanas (D:5)
  22 orc wizards
  2 polar bear simulacra (Lair:4)
  A wolf simulacrum (Lair:4)
  9 gnolls
  6 adders
  3 shadow imps
  3 white imps
  A dart slug (D:2)
  49 orcs
  10 bats
  5 endoplasms
  5 giant cockroaches
  9 goblins
  12 hobgoblins
  2 jackals (D:1)
  26 kobolds
  7 quokkas
  4 ball pythons
  6 frilled lizards
  12 kobold skeletons (D:8)
  4 kobold zombies (D:8)
  6 rats
914 creatures vanquished.

Vanquished Creatures (collateral kills)
  An emperor scorpion (Spider:4)
  2 ghost moths (Spider:4)
  A broodmother (Spider:1)
  A merfolk javelineer (Shoals:3)
  2 merfolk avatars
  A two-headed ogre (D:11)
  2 centaur warriors (D:14)
  A boulder beetle (D:14)
  A death scarab (Spider:3)
  2 satyrs
  2 skysharks (Shoals:2)
  6 skeletal warriors
  5 pharaoh ants
  2 orb spiders (Spider:1)
  An orc knight (Orc:2)
  2 harpies
  4 fauns
  A steelbarb worm (Spider:1)
  An ugly thing (D:15)
  An orc sorcerer (Orc:2)
  A necromancer (Gauntlet)
  A wolf spider (Spider:1)
  3 cyclopes
  4 manticores
  A moth of wrath (Spider:1)
  A merfolk siren (Shoals:1)
  A water nymph (Shoals:1)
  A torpor snail (Spider:1)
  A freezing wraith (D:14)
  7 merfolk
  7 tarantellas
  3 hornets (Spider:4)
  4 dream sheep
  11 jumping spiders
  7 slime creatures
  3 culicivoras
  2 fire elementals (Spider:1)
  A wraith (D:12)
  9 redbacks
  2 yaks (Gauntlet)
  7 vampire mosquitoes
  Grum (D:8)
  4 hell hounds
  3 orc warriors
  An ogre (D:7)
  2 centaurs (D:13)
  A nameless horror (Spider:1)
  A kobold brigand (D:8)
  8 wights
  3 orc priests
  An orc wizard (Orc:2)
  5 gnolls
  A shadow imp (D:8)
  14 orcs
  8 kobolds (D:8)
  2 kobold skeletons (D:8)
171 creatures vanquished.

Vanquished Creatures (others)
  31 dancing weapons
  An orc warrior (Orc:2)
  An orc (Orc:1)
33 creatures vanquished.

Grand Total: 1118 creatures vanquished

Notes
Turn   | Place    | Note
-------+----------+-------------------------------------------
     0 | D:1      | Gumption the Spriggan Enchanter began the quest for the
                  | Orb.
     0 | D:1      | Reached XP level 1. HP: 9/9 MP: 5/5
   336 | D:1      | Reached XP level 2. HP: 11/13 MP: 6/6
   339 | D:1      | Learned a level 2 spell: Ensorcelled Hibernation
  1109 | D:2      | Reached skill level 5 in Stealth
  1109 | D:2      | Reached skill level 1 in Ice Magic
  1109 | D:2      | Reached XP level 3. HP: 16/16 MP: 5/8
  1113 | D:2      | Learned a level 3 spell: Confusing Touch
  1117 | D:2      | Learned a level 3 spell: Dazzling Flash
  1544 | D:2      | Found a faded altar of an unknown god.
  1781 | D:3      | Noticed an ice beast
  1791 | D:2      | Killed an ice beast
  1792 | D:2      | Reached XP level 4. HP: 20/21 MP: 6/10
  1792 | D:2      | Reached XP level 5. HP: 23/24 MP: 6/11
  1929 | D:3      | Noticed Grinder
  1969 | D:3      | Noticed Jessica
  1976 | D:3      | Killed Jessica
  2115 | D:3      | Found a burning altar of Makhleb.
  2127 | D:3      | Found a sparkling altar of Nemelex Xobeh.
  2395 | D:3      | Noticed Sigmund
  2400 | D:3      | Killed Grinder
  2401 | D:3      | Reached skill level 6 in Stealth
  2401 | D:3      | Reached skill level 5 in Hexes
  2401 | D:3      | Reached XP level 6. HP: 26/28 MP: 9/13
  2664 | D:3      | Killed Sigmund
  2665 | D:3      | Reached skill level 7 in Stealth
  2665 | D:3      | Reached XP level 7. HP: 32/32 MP: 11/15
  2837 | D:3      | Reached skill level 5 in Spellcasting
  2837 | D:3      | Reached skill level 1 in Conjurations
  2841 | D:3      | Learned a level 3 spell: Tukima's Dance
  2841 | D:3      | Found a shadowy altar of Dithmenos.
  2845 | D:3      | Became a worshipper of Dithmenos the Shadowed
  2914 | D:4      | Found a glowing drain.
  2941 | Sewer    | Entered a sewer
  2994 | Sewer    | Noticed Pargi
  3006 | Sewer    | Killed Pargi
  3272 | D:4      | Noticed Menkaure
  3276 | D:4      | Killed Menkaure
  3290 | D:4      | Found a runed translucent door.
  3299 | D:4      | Noticed Crazy Yiuf
  3328 | D:4      | Found a snail-covered altar of Cheibriados.
  3379 | D:4      | Reached * piety under Dithmenos
  4116 | D:4      | Killed Crazy Yiuf
  4117 | D:4      | Reached skill level 8 in Stealth
  4174 | D:5      | Entered Level 5 of the Dungeon
  4180 | D:5      | Reached XP level 8. HP: 36/36 MP: 17/17
  4475 | D:5      | Reached skill level 9 in Stealth
  4536 | D:5      | Found Kunecyir's Antique Weapon Boutique.
  5088 | D:5      | Reached ** piety under Dithmenos
  5523 | D:6      | Noticed Eustachio
  5537 | D:6      | Killed Eustachio
  5538 | D:6      | Reached XP level 9. HP: 15/39 MP: 11/20
  5661 | D:6      | Learned a level 1 spell: Apportation
  5663 | D:6      | Found a blossoming altar of Fedhas.
  5857 | D:6      | Found Biusie's Weapon Emporium.
  5924 | D:6      | Reached skill level 1 in Translocations
  5995 | D:6      | Reached skill level 10 in Stealth
  6320 | D:6      | Found a hazy altar of Hepliaklqana.
  6708 | D:6      | Reached skill level 10 in Hexes
  6759 | D:7      | Reached skill level 11 in Stealth
  6808 | D:7      | Reached *** piety under Dithmenos
  6908 | D:7      | Found an ornate altar of the Wu Jian Council.
  6946 | D:7      | Reached skill level 5 in Translocations
  7113 | D:7      | Got the Directory of Hindering Apparitions
  7136 | D:7      | Learned a level 5 spell: Summon Mana Viper
  7293 | D:7      | Found a sacrificial altar of Ru.
  7366 | D:7      | Found a white marble altar of Elyvilon.
  7366 | D:7      | Found a glowing silver altar of Zin.
  7366 | D:7      | Found a glowing golden altar of the Shining One.
  7677 | D:7      | Reached skill level 1 in Fighting
  7677 | D:7      | Reached XP level 10. HP: 45/45 MP: 4/21
  7819 | D:7      | Found a staircase to the Ecumenical Temple.
  7837 | Temple   | Entered the Ecumenical Temple
  8420 | D:8      | Found a flagged portal.
  8445 | Bailey   | Entered a bailey
  8720 | Bailey   | Reached skill level 1 in Summonings
  9095 | Bailey   | Identified the +1 tower shield "Jeefiduc" {rElec rPois rN+}
  9327 | Bailey   | Reached skill level 5 in Short Blades
  9446 | D:8      | Noticed Grum
  9452 | D:8      | Noticed Maggie
  9749 | D:7      | Reached skill level 12 in Stealth
 10172 | D:8      | Killed Maggie
 10202 | D:8      | Found Myizaloa's Gadget Gallery.
 10358 | D:8      | Killed Grum
 10462 | D:8      | Reached **** piety under Dithmenos
 10644 | D:8      | Found an ancient bone altar of Kikubaaqudgha.
 11132 | D:8      | Learned a level 3 spell: Mephitic Cloud
 11354 | D:9      | Reached skill level 1 in Air Magic
 11615 | D:9      | Reached skill level 1 in Poison Magic
 11615 | D:9      | Reached XP level 11. HP: 52/52 MP: 22/22
 11637 | D:9      | Noticed Harold
 11644 | D:9      | Killed Harold
 11738 | D:9      | Found a bloodstained altar of Trog.
 11738 | D:9      | Found an ancient bone altar of Kikubaaqudgha.
 11950 | D:9      | Noticed Psyche
 11961 | D:9      | Killed Psyche
 11962 | D:9      | Reached skill level 13 in Stealth
 12236 | D:10     | Entered Level 10 of the Dungeon
 12417 | D:10     | Found a basalt altar of Yredelemnul.
 12467 | D:10     | Found a staircase to the Orcish Mines.
 12938 | D:10     | Identified the +5 great mace of the Endless People {flame,
                  | *Slow rElec Will+ Str+3}
 12939 | D:10     | Noticed a two-headed ogre
 12945 | D:10     | Killed a two-headed ogre
 13334 | D:10     | Reached ***** piety under Dithmenos
 13707 | D:10     | Found a staircase to the Lair.
 14445 | D:11     | Noticed a cyan ugly thing
 14515 | D:11     | Noticed a two-headed ogre
 15010 | D:11     | Killed a two-headed ogre
 15503 | D:11     | Noticed a two-headed ogre
 15637 | Lair:1   | Entered Level 1 of the Lair of Beasts
 15738 | Lair:1   | Reached XP level 12. HP: 58/58 MP: 20/24
 16007 | Lair:1   | Reached skill level 1 in Shields
 16088 | Lair:1   | Noticed Joseph
 16092 | Lair:1   | Killed Joseph
 17126 | Lair:2   | Noticed Gastronok
 17132 | Lair:2   | Killed Gastronok
 17133 | Lair:2   | Reached skill level 5 in Fighting
 17133 | Lair:2   | Reached skill level 5 in Dodging
 17326 | Lair:2   | Found a hole to the Spider Nest.
 18406 | Lair:3   | Found a staircase to the Shoals.
 19456 | Lair:4   | Noticed a death yak
 19480 | Lair:4   | Noticed a death yak
 19576 | Lair:4   | Noticed a death yak
 19578 | Lair:4   | Noticed a death yak
 19584 | Lair:4   | Noticed a death yak
 19638 | Lair:4   | Noticed a death yak
 19640 | Lair:4   | Noticed a death yak
 19640 | Lair:4   | Noticed a death yak
 19645 | Lair:4   | Killed a death yak
 19646 | Lair:4   | Noticed a death yak
 19741 | Lair:4   | Reached skill level 5 in Conjurations
 20058 | Lair:4   | You fall into a shaft and drop 1 floor!
 20058 | Lair:5   | Entered Level 5 of the Lair of Beasts
 20058 | Lair:5   | Noticed a four-headed hydra
 20058 | Lair:5   | Noticed a five-headed hydra
 20075 | Lair:5   | Reached XP level 13. HP: 63/63 MP: 23/27
 21117 | Lair:4   | Reached skill level 1 in Invocations
 22521 | Lair:5   | Found a viscous altar of Jiyva.
 22522 | Lair:5   | Found a staircase to the Slime Pits.
 22633 | Lair:5   | Reached skill level 10 in Spellcasting
 22947 | Lair:5   | Reached skill level 14 in Stealth
 23278 | Lair:4   | Reached skill level 10 in Short Blades
 23396 | Lair:5   | Reached skill level 5 in Shields
 23398 | Lair:5   | Reached ****** piety under Dithmenos
 23800 | Lair:5   | Reached XP level 14. HP: 68/68 MP: 29/29
 24524 | Lair:5   | Gained mutation: You occasionally lose the ability to read
                  | scrolls when taking damage. [a shining eye]
 25070 | Lair:5   | Noticed a quicksilver ooze
 25343 | Lair:5   | Reached skill level 15 in Stealth
 25472 | Lair:5   | Found a corrupted altar of Lugonu.
 25472 | Lair:5   | Found a one-way gate to the infinite horrors of the Abyss.
 25583 | Lair:5   | Reached skill level 5 in Invocations
 25806 | Orc:1    | Entered Level 1 of the Orcish Mines
 26168 | Orc:2    | Entered Level 2 of the Orcish Mines
 26374 | Orc:2    | Found Nuch's Jewellery Shop.
 26449 | Orc:2    | Bought the amulet "Myssolamm" {Reflect -Tele Slay+2 SH+5
                  | Stlth+} for 659 gold pieces
 26850 | Orc:1    | Noticed Urug
 26937 | Orc:2    | Killed Urug
 26938 | Orc:2    | Reached skill level 10 in Dodging
 27906 | Orc:2    | Found a staircase to the Elven Halls.
 29110 | Orc:2    | Found Qiehucap's Armour Boutique.
 29110 | Orc:2    | Found Azuro's Magic Scroll Shoppe.
 29112 | Orc:2    | Found Illu Kys's Distillery.
 29112 | Orc:2    | Found Bikiga's Weapon Shoppe.
 29127 | Orc:2    | Bought a scroll of fear for 68 gold pieces
 29127 | Orc:2    | Bought a scroll of poison for 68 gold pieces
 29127 | Orc:2    | Bought 3 scrolls of fear for 204 gold pieces
 29127 | Orc:2    | Bought a scroll of amnesia for 68 gold pieces
 29127 | Orc:2    | Bought a scroll of identify for 34 gold pieces
 29127 | Orc:2    | Bought a scroll of identify for 34 gold pieces
 29321 | Orc:2    | Bought a +1 cloak of poison resistance for 175 gold pieces
 29353 | Orc:2    | Learned a level 8 spell: Discord
 29840 | D:11     | Reached skill level 15 in Hexes
 31314 | D:12     | Reached XP level 15. HP: 72/72 MP: 9/30
 31769 | D:12     | Identified the +5 glaive "Beastslayer" {heavy, Dex+2}
 31789 | D:12     | Got the Anthology of the Tropical Adder
 32233 | D:13     | You fall into a shaft and drop 1 floor!
 33314 | D:14     | Found a broken altar of Ashenzari.
 33316 | D:14     | Found a shimmering altar of Xom.
 33316 | D:14     | Found a hazy altar of Hepliaklqana.
 33318 | D:14     | Found a hide-covered altar of Uskayaw.
 33318 | D:14     | Found a snail-covered altar of Cheibriados.
 33318 | D:14     | Found a burning altar of Makhleb.
 35971 | D:14     | Found a gate to the Vaults.
 36121 | D:15     | Entered Level 15 of the Dungeon
 36159 | D:15     | Found a gate leading to a gauntlet.
 36172 | Gauntlet | Entered a Gauntlet
 36172 | Gauntlet | Found a transporter.
 36178 | Gauntlet | Found a transporter.
 36182 | Gauntlet | Found a transporter.
 36190 | Gauntlet | Found a transporter.
 36194 | Gauntlet | Found a transporter.
 36202 | Gauntlet | Found a transporter.
 36206 | Gauntlet | Found a transporter.
 36210 | Gauntlet | Found a runed translucent door.
 36210 | Gauntlet | Found a runed translucent door.
 36214 | Gauntlet | Found a transporter.
 36218 | Gauntlet | Found a transporter.
 36226 | Gauntlet | Found a transporter.
 36251 | Gauntlet | Found a transporter.
 36263 | Gauntlet | Found a transporter.
 36275 | Gauntlet | Found a transporter.
 36287 | Gauntlet | Found a transporter.
 36480 | Gauntlet | Reached XP level 16. HP: 76/76 MP: 22/31
 36703 | Gauntlet | Identified the +4 ring mail "Cemiom" {Harm rF+++ Will-
                  | Stlth+}
 36967 | Gauntlet | Identified the +2 cloak "Gomegafy" {Harm Regen+ Str+2}
 36984 | Gauntlet | Identified the +3 bardiche "Doxtoywk" {elec, rElec SInv}
 36997 | Gauntlet | Found the +8 lance "Wyrmbane" {slay drac, rPois rF+ rC+
                  | AC+3}
 37537 | D:15     | Learned a level 5 spell: Metabolic Englaciation
 37849 | D:14     | Reached XP level 17. HP: 80/80 MP: 22/32
 38861 | D:15     | Found a staircase to the Depths.
 39038 | D:15     | Identified the +5 rapier of Jaehyufe {freeze, +Blink rC+
                  | Str-2}
 39750 | Spider:1 | Entered Level 1 of the Spider Nest
 39763 | Spider:1 | Found a transporter.
 39763 | Spider:1 | Found a transporter.
 39798 | Spider:1 | Noticed Arachne
 39842 | Spider:1 | Noticed Azrael
 39886 | Spider:1 | Noticed o55k's ghost (journeyman GnWn)
 40093 | Spider:1 | Reached skill level 16 in Stealth
 40096 | Spider:1 | Killed Azrael
 41800 | Spider:2 | Reached skill level 10 in Invocations
 42837 | Spider:2 | Reached skill level 17 in Stealth
 43434 | Spider:3 | Reached skill level 10 in Evocations
 44634 | Spider:4 | Entered Level 4 of the Spider Nest
 45766 | Spider:4 | Reached XP level 18. HP: 86/88 MP: 12/33
 46188 | Spider:4 | Reached skill level 18 in Stealth
 46809 | Spider:4 | Got a gossamer rune of Zot
 47017 | Shoals:1 | Entered Level 1 of the Shoals
 47147 | Shoals:1 | Reached skill level 5 in Summonings
 48389 | Shoals:2 | Reached skill level 19 in Stealth
 48563 | Shoals:2 | You fall into a shaft and drop 1 floor!
 50476 | Shoals:3 | Found Aprim's Magic Scroll Shop.
 51028 | Shoals:3 | Identified a scroll of acquirement
 51029 | Shoals:3 | Acquired the ring "Gain" {rF+ rC+ Will+ rCorr Dex-3}
 51127 | Shoals:4 | Entered Level 4 of the Shoals
 51376 | Shoals:4 | Succumbed to a sea snake's poison

Illustrated notes

Levels and vault maps discovered:
D:1:      dpeg_arrival_boxes_within_box, layout_basic, minmay_misc_feat_tiny
D:2:      layout_loops_ring, ebering_ecumenical_altar_hall,
          kennysheep_generic_room_7
D:3:      layout_loops_ring, marbit_many_paths, minitemple,
          minmay_misc_feat_secret_circle, uniq_jessica, uniq_grinder,
          uniq_sigmund
D:4:      layout_loops_ring, mainiacjoe_overflow_boulevard,
          gup_sewer_entry_pipe, uniq_crazy_yiuf_cottage, uniq_menkaure
D:5:      layout_rooms, serial_shops, nicolae_shop_window_shopping
D:6:      layout_loops_corners, lemuel_crystal_altar, fedhas_altar_fruit_tree,
          serial_shops, nicolae_shop_rolling_square, uniq_eustachio
D:7:      layout_cave_pods, dreamdust_divine_triumvirate,
          mainiacjoe_overflow_six_doors_small, nzn_wu_jian_contemplation,
          minmay_temple_entry_mist
D:8:      wander_kiku_kobolds, layout_rooms, enter_bailey_4,
          nicolae_shop_gadgets, uniq_maggie, uniq_grum
D:9:      layout_cave_pools, chequers_temple_overflow_statue_of_worship,
          uniq_harold, uniq_psyche
D:10:     layout_basic, mainiacjoe_overflow_catwalk,
          due_lair_maze_entry_diamond, orc_0_dummy
D:11:     layout_cave_pools
D:12:     layout_cave_pools, minmay_the_grid_2x2 [minmay_the_grid_x,
          minmay_the_grid_large_cup, minmay_the_grid_minigrid_small,
          minmay_the_grid_prize_trominoes]
D:13:     layout_roguey
D:14:     minmay_quarter_circles, layout_irregular_city, david_vaults_1,
          doesnt_xom_only_xom, serial_bayou_pond_e
D:15:     grunt_enter_depths_hoard, layout_basic, gauntlet_entry_generic,
          minmay_misc_feat_nine_boxes
Temple:   nicolae_temple_colour_theory
Lair:1:   layout_hall_layers, uniq_joseph
Lair:2:   layout_hall_layers, hellmonk_spider_entry_not_the_bees,
          beast_lair_carwin_7, uniq_gastronok
Lair:3:   layout_roguey [special_room_bee], elwin_shoals_entry_rocks,
          serial_bayou_crossing, infiniplex_staircase_pool
Lair:4:   layout_regular_city, portal_ice_cave_entry_ice_simulacra, st_stairs_6,
          disabler_island, grunt_megastairs_2
Lair:5:   hellmonk_lair_end_abyssal_woods, layout_cave_shapes,
          minmay_slime_entry_pillars
Shoals:1: layout_shoals
Shoals:2: layout_shoals
Shoals:3: layout_shoals, serial_shops, shop
Shoals:4: shoals_end_grunt_ice, layout_shoals
Spider:1: layout_spider_delve, nzn_ghost_randoct,
          nicolae_spider_nooks_and_crannies, uniq_azrael
Spider:2: layout_chambers, nicolae_spider_bug_shape
Spider:3: nicolae_spider_jumping_over_cracks
          [nicolae_spider_jumping_sub_shuffled,
          nicolae_spider_jumping_sub_lanes, nicolae_spider_jumping_sub_notch,
          nicolae_spider_jumping_sub_offset], uniq_arachne
Spider:4: spider_rune_water, nicolae_spider_twisty_arc_passages
Orc:1:    layout_diamond_mine, uniq_urug
Orc:2:    grunt_orc_tribal_feast, layout_diamond_mine, serial_shops, shop

Skill      XL: |  1  2  3  4  5  6  7  8  9 10 11 12 13 14 15 16 17 18 |
---------------+-------------------------------------------------------+-----
Hexes          | 4 5 7 9 10 11 12 13 15 16 18 | 18.8
Spellcasting   | 3 4 5 7 9 10 11 | 11.2
Stealth        | 5 6 7 8 9 11 12 13 14 15 17 19 | 19.8
Ice Magic      | 1 2 3 |  3.0
Conjurations   | 1 3 4 5 |  5.0
Translocations | 5 |  5.0
Short Blades   | 4 6 7 8 10 | 10.0
Fighting       | 1 3 4 5 7 9 |  9.2
Summonings     | 3 4 5 |  5.0
Air Magic      | 1 3 4 |  4.0
Poison Magic   | 1 3 4 |  4.0
Dodging        | 4 6 8 11 13 | 13.0
Shields        | 3 5 6 8 |  8.0
Invocations    | 3 6 8 9 10 | 10.0
Evocations     | 6 7 10 | 10.0

Action                     |  1- 3 |  4- 6 |  7- 9 | 10-12 | 13-15 | 16-18 || total
---------------------------+-------+-------+-------+-------+-------+-------++-------
  Melee: Dagger            |   100 |    25 |   208 |   431 |   785 |   140 ||  1689
         Punch             |       |       |     1 |       |       |       ||     1
         Rapier            |       |       |       |       |       |   424 ||   424
  Throw: Dart              |     2 |     1 |     1 |     5 |     5 |     1 ||    15
   Cast: Ensorcelled Hiber |    14 |     9 |    73 |   226 |   311 |   236 ||   869
         Confusing Touch   |     1 |     1 |    16 |    14 |    90 |    46 ||   168
         Tukima's Dance    |       |       |    14 |    58 |   136 |    61 ||   269
         Apportation       |       |       |     1 |     2 |     4 |     1 ||     8
         Dazzling Flash    |       |       |       |     3 |       |     2 ||     5
         Mephitic Cloud    |       |       |       |     2 |       |       ||     2
         Summon Mana Viper |       |       |       |       |    38 |   118 ||   156
 Invoke: Shadow Step       |       |       |     1 |     5 |     3 |     3 ||    12
  Evoke: Wand              |       |       |       |       |       |     4 ||     4
    Use: Scroll            |       |       |    12 |    15 |     6 |     2 ||    35
         Potion            |       |       |       |       |     1 |     2 ||     3
   Stab: Sleeping          |    19 |     4 |    68 |   177 |   208 |   196 ||   672
         Confused          |     1 |     1 |     9 |     9 |    77 |    22 ||   119
         Invisible         |       |     1 |       |     4 |       |     1 ||     6
         Distracted        |       |       |     1 |     5 |     9 |    15 ||    30
 Armour: Robe              |    12 |     2 |     6 |       |       |       ||    20
         Troll leather arm |       |       |    12 |    39 |    72 |   114 ||   237
  Dodge: Dodged            |    70 |    20 |   104 |   298 |   357 |   425 ||  1274
  Block: Other             |       |       |       |    11 |       |       ||    11
         Buckler           |       |       |       |    68 |   279 |   403 ||   750
         Reflection        |       |       |       |     1 |    11 |    20 ||    32
